AoeStats
← shh_haw

Arabian Desert

510587494Analyzed
1v1 RM · 15h ago on Oct 1, 2026· 45m 30s· 2 players
Game mode
Random Map
Map size
Tiny (2 player)
Population
200
Speed
Normal
Resources
Standard
Victory
Conquest
Starting age
Dark Age
Ending age
Imperial Age
RankedLock teamsTeams togetherTeam positionsShared explorationLock speedFull tech treeHidden civsTurbo modeCheats
Victory
Defeat
🇺🇸 Georgians · United States
1454
+18
🇮🇳 Hindustanis · India
1498
-18
shh_haw
8:02 Feudal Age
8:31 Loom
8:37 Loom
10:57 Double-Bit Axe
15:38 Forging
22:45 Castle Age
21:11 Scale Mail Armor
21:45 Fletching
22:35 Gold Mining
22:29 Horse Collar
23:07 Pikeman
25:33 Light Cavalry
27:19 Bloodlines
28:25 Bow Saw
29:44 Redemption
30:53 Stone Mining
31:04 Town Watch
32:30 Wheelbarrow
32:48 Bodkin Arrow
36:43 Imperial Age
34:58 Hand Cart
35:06 Chain Mail Armor
35:15 Scale Barding Armor
35:46 Iron Casting
36:30 Squires
36:32 Husbandry
36:54 Chain Barding Armor
37:35 Sanctity
39:02 Blast Furnace
37:53 Cavalier
38:34 Bracer
40:16 Ballistics
40:56 Chemistry
40:07 Masonry
40:29 Block Printing
40:52 Padded Archer Armor
41:29 Plate Barding Armor
45:01 Plate Mail Armor
44:47 Leather Archer Armor
45:25 Halberdier
xSheepLord
7:07 Loom
9:02 Feudal Age
9:56 Double-Bit Axe
11:53 Town Watch
21:42 Castle Age
22:57 Husbandry
23:15 Scale Barding Armor
31:54 Man-at-Arms
32:37 Scale Mail Armor
32:47 Forging
33:32 Chain Mail Armor
33:31 Long Swordsman
33:40 Long Swordsman
35:00 Squires
35:38 Iron Casting
38:35 Arson
Connection lost

Rejoining the realm…

Still unreachable

The connection could not be restored.

Session expired

The server has moved on; the page needs a fresh start.